 Dungeon Crawl Stone Soup version 0.23.2-33-g5129a83184 (webtiles) character file.

Game seed: 3113586496308099365

719 psyvane the Tainter (level 7, -2/41 HPs)
             Began as an Octopode Venom Mage on July 17, 2019.
             Slain by a hound (4 damage)
             ... on level 5 of the Dungeon.
             The game lasted 00:19:42 (5196 turns).

psyvane the Tainter (Octopode Venom Mage)           Turns: 5196, Time: 00:19:43

Health: -2/41      AC:  1    Str: 13    XL:     7   Next: 70%
Magic:  3/10       EV: 13    Int: 19    God:
Gold:   175        SH:  0    Dex: 12    Spells: 2/10 levels left

rFire    . . .     SeeInvis +   r - +4 dagger
rCold    . . .     Gourm    .   (no shield)
rNeg     + . .     Faith    .   (helmet restricted)
rPois    .         Spirit   .   a - amulet of inaccuracy (curse)
rElec    .         Reflect  .   i - ring of see invisible
rCorr    .         Harm     .   j - ring of positive energy
MR       .....                  (no ring)
Stlth    +++.......             (no ring)
HPRegen  0.13/turn              (no ring)
MPRegen  0.12/turn              (no ring)
                                (no ring)
                                (no ring)

@: mighty, very slightly contaminated, invisible
A: almost no armour, stealthy swim, amphibious, 8 rings, constrict 8, camouflage
1, gelatinous body 1
a: no special abilities


You were on level 5 of the Dungeon.
You were not hungry.

You visited 1 branch of the dungeon, and saw 6 of its levels.

You collected 175 gold pieces.

Inventory:

Hand Weapons
 r - a +4 dagger (weapon)
Jewellery
 a - a cursed amulet of inaccuracy (around mantle)
 i - a ring of see invisible (left tentacle)
 j - a ring of positive energy (right tentacle)
Wands
 d - a wand of iceblast (15)
Potions
 c - 2 potions of resistance
 e - 2 potions of lignification
 f - a potion of agility
 h - a potion of might
 p - a potion of haste {unknown}
Comestibles
 b - 13 rations
 k - a chunk of flesh


   Skills:
 - Level 2.0 Dodging
 - Level 2.6 Stealth
 - Level 2.0 Spellcasting
 - Level 1.0 Conjurations
 + Level 0.6 Air Magic
 * Level 10.3 Poison Magic


You had 2 spell levels left.
You knew the following spells:

 Your Spells              Type           Power        Failure   Level  Hunger
a - Sting                 Conj/Pois      ###.         1%          1    #......
b - Olgreb's Toxic Radia  Pois           #####...     2%          4    #####..
c - Mephitic Cloud        Conj/Pois/Air  ###.....     10%         3    ###....

Your spell library contained the following spells:

 Spells                   Type           Power        Failure   Level  Hunger
 Poisonous Vapours        Pois/Air       ###...       2%          2    ###....
 Venom Bolt               Conj/Pois      ###.......   41%         5    ######.


Dungeon Overview and Level Annotations

Branches:
Dungeon (6/15)
 Temple: D:4-7

Altars:
Elyvilon
Fedhas

Annotations:
D:2 exclusion: oklob plant


Innate Abilities, Weirdness & Mutations

You cannot wear most types of armour.
You are very stealthy in the water. (Stealth+)
You are amphibious.
You can wear up to eight rings at the same time.
You can use your tentacles to constrict eight enemies at once.
Your skin changes colour to match your surroundings (Stealth+).
Your rubbery body absorbs attacks. (AC +1, EV +1)


Message History

The hound barks!
You grab the worm. You squeeze the worm!
The worm is heavily wounded.
You constrict the worm.
You catch the helpless worm completely off-guard!
You puncture the worm!
You kill the worm!
The hound barely misses you.
You miss the hound. Your grab misses the hound.
You feel yourself speed up. The hound bites you.
* * * LOW HITPOINT WARNING * * *
The hound bites you but does no damage. The hound bites you.
* * * LOW HITPOINT WARNING * * *
You closely miss the hound. Your grab misses the hound.
The hound barely misses you.
You puncture the hound! Your grab misses the hound.
The hound is severely wounded.
The hound closely misses you. The hound bites you.
You die...

#.##.### #....
#......# #......
.......# ..###..
......##> .S..
......... ..... .
#.....#.<....##.
... ##
#.....?.##### ##
#..######......#
##....[@h......#
#.
#...#####....#...
. #.#.....).##.# #
##. #.#####..#...#
#.. ##.# #.....###
#.###..####..####
#.#.............#
#....####.#####..#
##.#..#
##.######.#


You could see a hound.

Vanquished Creatures
  An ogre (D:5)
  A bullfrog (D:6)
  3 crimson imps
  3 hounds
  4 orc wizards
  2 worker ants
  A hound skeleton (D:4)
  7 adders
  4 gnolls
  3 oozes
  An adder skeleton (D:4)
  4 worms
  2 dart slugs
  3 leopard geckos
  7 orcs
  6 giant cockroaches
  7 goblins
  5 hobgoblins
  4 kobolds
  2 quokkas
  A ball python (D:3)
  8 bats
  3 frilled lizards
  9 rats
91 creatures vanquished.

Notes
Turn   | Place    | Note
-------+----------+-------------------------------------------
     0 | D:1      | psyvane the Octopode Venom Mage began the quest for the
                  | Orb.
     0 | D:1      | Reached XP level 1. HP: 11/11 MP: 3/3
   135 | D:1      | Reached skill level 4 in Poison Magic
   235 | D:1      | Reached XP level 2. HP: 17/17 MP: 5/5
   752 | D:1      | Reached XP level 3. HP: 21/21 MP: 6/6
   809 | D:1      | Reached skill level 5 in Poison Magic
  1172 | D:2      | Reached XP level 4. HP: 27/27 MP: 5/7
  1244 | D:2      | Learned a level 4 spell: Olgreb's Toxic Radiance
  1266 | D:2      | Found a blossoming altar of Fedhas.
  1498 | D:2      | Found a white marble altar of Elyvilon.
  1634 | D:2      | Noticed an oklob plant
  1740 | D:3      | You fall through a shaft!
  1755 | D:4      | Reached skill level 6 in Poison Magic
  2775 | D:3      | Reached XP level 5. HP: 19/31 MP: 6/8
  3043 | D:4      | Reached skill level 7 in Poison Magic
  3053 | D:4      | Learned a level 3 spell: Mephitic Cloud
  3322 | D:4      | Reached XP level 6. HP: 36/36 MP: 0/9
  3327 | D:4      | Reached skill level 8 in Poison Magic
  3674 | D:5      | Entered Level 5 of the Dungeon
  4279 | D:5      | Reached skill level 9 in Poison Magic
  4315 | D:6      | Reached XP level 7. HP: 20/41 MP: 1/10
  4609 | D:6      | Reached skill level 10 in Poison Magic
  5194 | D:5      | HP: 1/41 [hound (5)]
  5196 | D:5      | Slain by a hound

Skill      XL: |  1  2  3  4  5  6  7 |
---------------+----------------------+-----
Poison Magic   | 4 5 6 7 9 10 | 10.3
Dodging        | |  2.0
Stealth        | |  2.6
Spellcasting   | |  2.0
Conjurations   | |  1.0
Air Magic      | |  0.6

Action                   |  1- 3 |  4- 6 |  7- 9 || total
-------------------------+-------+-------+-------++-------
Melee: Unarmed           |    22 |       |       ||    22
       Constrict         |    13 |    19 |     3 ||    35
       Tentacles         |     6 |    10 |     7 ||    23
       Dagger            |    28 |    81 |    27 ||   136
 Cast: Sting             |    19 |    86 |    27 ||   132
       Olgreb's Toxic Ra |       |     2 |     4 ||     6
       Mephitic Cloud    |       |     2 |     1 ||     3
  Use: Scroll            |     2 |     6 |     5 ||    13
       Potion            |       |       |     2 ||     2
 Stab: Sleeping          |     4 |     2 |       ||     6
       Distracted        |       |     1 |       ||     1
       Invisible         |       |       |     3 ||     3
  Eat: Chunk             |     1 |     9 |     3 ||    13
       Ration            |       |     1 |       ||     1
Armor: Skin              |     8 |     8 |     2 ||    18
Dodge: Dodged            |    41 |    73 |    31 ||   145
